Unix NetHack Version 3.7.0-66 Work-in-progress - last build Oct 24 2022 02:09:04 (0cf9ee0665dfd4e3628fd2b6ead320895a4d4695,branch:master). Game began 2022-10-28 09:30:35, ended 2022-10-28 09:37:45. tromix, lawful male human Priest .-- .@- ... Tromix the Acolyte St:15 Dx:10 Co:16 In:8 Wi:18 Ch:12 Lawful Dlvl:6 $:41 HP:0(27) Pw:45(45) AC:5 Exp:3 T:1271 Blind Latest messages: The gnome starts to attack you, but pulls back. The gnome starts to attack you, but pulls back. The gnome starts to attack you, but pulls back. You finish your prayer. You feel that Blind Io is well-pleased. You feel much better. You stop. The dwarf is in the way! The gnome misses! You swap places with the peaceful dwarf. You see here a dart. The gnome shoots 2 crossbow bolts! You are hit by the 1st crossbow bolt. You are hit by the 2nd crossbow bolt. You are hit by a dart. The gnome throws a dart! It is hit. The gnome picks up a crossbow bolt. It is hit. The gnome picks up a dart. You already found a monster. Use 'm' prefix to force another search. You kill the gnome! You kill the gnome! The gnome shoots 2 crossbow bolts! You are hit by the 1st crossbow bolt. The 2nd crossbow bolt misses you. The gnome hits! You miss the gnome. The gnome hits! You miss the gnome. The gnome hits! The gnome shoots 2 crossbow bolts! The 1st crossbow bolt hits the gnome lord. The 2nd crossbow bolt hits the gnome lord. What do you want to drink? [drw or ?*] ? A cloud of darkness falls upon you. What do you want to drink? [dr or ?*] ? You start to float in the air! You hit your head on the ceiling. You hear the howling of the CwnAnnwn... You float gently to the floor. You descend the stairs. You feel an unseen monster! You feel an unseen monster! It hits! You die... Do you want your possessions identified? [ynq] (y) y Do you want to see your attributes? [ynq] (y) y Do you want an account of creatures vanquished? [ynaq] (y) y Do you want to see your conduct and achievements? [ynq] (y) y Do you want to see the dungeon overview? [ynq] (y) y Inventory: Coins $ - 41 gold pieces Amulets i - an amulet of guarding Weapons m - 9 +2 darts l - 7 +0 darts (at the ready) a - a blessed +1 mace (weapon in hand) Armor j - a +0 pair of high boots (being worn) k - a cursed -1 pair of levitation boots c - a +0 small shield (being worn) b - a +0 robe (being worn) Comestibles u - a carrot e - a clove of garlic p - a food ration q - a food ration s - a fortune cookie f - a sprig of wolfsbane o - 3 tripe rations Spellbooks g - a spellbook of detect monsters Potions d - 4 potions of holy water Gems/Stones t - a worthless piece of red glass Tromix the Priest's attributes: Background: You were an Acolyte, a level 3 human Priest. You were lawful, on a mission for Blind Io who was opposed by The Lady (neutral) and Offler (chaotic). You were in the Gnomish Mines, on level 6. You entered the dungeon 1271 turns ago. You had 57 experience points, 23 more were needed to attain level 4. Basics: You had 0 out of 27 hit points. You had all 45 energy points (spell power). Your armor class was 5. Your wallet contained 41 zorkmids. Autopickup was off. Final Characteristics: Your strength was 15 (limit:18/100). Your dexterity was 10 (limit:18). Your constitution was 16 (limit:18). Your intelligence was 8 (limit:18). Your wisdom was 18 (limit:18). Your charisma was 12 (limit:18). Final Status: You were temporarily blind. You were not hungry. You were unencumbered. You were wielding a mace. You had basic skill with mace. Final Attributes: You were devoutly aligned. You were guarded. You are dead. Miscellaneous: You never encountered a bones level. Total elapsed playing time was 7 minutes and 9 seconds. Major events: Turn 1: tromix the lawful human Priest entered the dungeon 1108: attained the rank of Acolyte (level 3) 1219: entered the Gnomish Mines 1271: killed by a gnome Vanquished creatures: 2 gnomes a gecko 6 jackals a kobold 3 goblins 2 sewer rats a grid bug 3 lichens 2 kobold zombies 4 newts 25 creatures vanquished. No species were genocided or became extinct. Voluntary challenges: You were illiterate. You never engraved Elbereth. You never genocided any monsters. You never polymorphed an object. You never changed form. You used no wishes. Achievements: You entered a shop. You attained the rank of Acolyte. You entered the Gnomish Mines. The Dungeons of Doom: levels 1 to 4 Level 1: A fountain. Level 2: A general store, many fountains. Level 3: A wand shop. Level 4: A fountain. Stairs down to The Gnomish Mines. The Gnomish Mines: levels 5 to 6 Level 5: Level 6: <- You were here. Final resting place for you, killed by a gnome. Game over: ---------- / \ / REST \ / IN \ / PEACE \ / \ | tromix | | 41 Au | | killed by a | | gnome | | | | | | 2022 | *| * * * | * _________)/\\_//(\/(/\)/\//\/|_)_______ Goodbye tromix the Priest... You died in The Gnomish Mines on dungeon level 6 with 535 points, and 41 pieces of gold, after 1271 moves. You were level 3 with a maximum of 27 hit points when you died.